 Dungeon Crawl Stone Soup version 0.30-b1-2-g02819fbbbe (webtiles) character file.

Game seed: 690894219466749872

11 Alarkh the Charlatan (level 2, 22/22 HPs)
             Began as a Demonspawn Artificer on Nov 27, 2023.
             Got out of the dungeon alive.
             The game lasted 00:00:23 (266 turns).

Alarkh the Charlatan (Demonspawn Artificer)          Turns: 266, Time: 00:00:23

Health: 22/22      AC:  5    Str: 12    XL:     2   Next: 13%
Magic:  2/2        EV: 11    Int: 12    God:
Gold:   52         SH:  0    Dex: 13    Spells: 1/1 levels left

rFire   . . .        a - +2 dagger (drain)
rCold   . . .        (no shield)
rNeg    . . .        b - +0 leather armour
rPois   .            (no helmet)
rElec   .            (no cloak)
rCorr   .            (no gloves)
SInv    .            (no boots)
Will    .....        (no amulet)
Stlth   +            (no ring)
HPRegen 0.23/turn    (no ring)
MPRegen 0.08/turn

%: no passive effects
@: no status effects
A: slimy green scales 1
a: no special abilities


You escaped.
You visited 1 branch of the dungeon, and saw 1 of its levels.

You collected 52 gold pieces.

Inventory:

Hand Weapons
 a - a +2 dagger of draining (weapon)
Armour
 b - a +0 leather armour (worn)
Wands
 c - a wand of flame (14) (quivered)
 d - a wand of charming (15)
 e - a wand of iceblast (5)
Scrolls
 f - a scroll of immolation {unknown}
 h - a scroll of identify {unknown}
 j - a scroll of blinking {unknown}
Potions
 g - a potion of mutation {unknown}
 i - a potion of resistance {unknown}


   Skills:
 + Level 2.2 Fighting
 - Level 1.7 Armour
 - Level 0.8 Dodging
 - Level 0.8 Stealth
 - Level 3.0 Evocations


You had one spell level left.
You didn't know any spells.
Your spell library was empty.

Dungeon Overview and Level Annotations

Branches:
Dungeon (1/15)

Altars:


Innate Abilities, Weirdness & Mutations

You are partially covered in slimy green scales. (AC +2)


Message History

Things that are here:
a +0 dagger; a goblin corpse An endoplasm comes into view.
The endoplasm quivers.
An endoplasm is nearby!
An endoplasm is nearby!
The endoplasm jiggles.
The endoplasm hits you.
You hit the endoplasm. You drain the endoplasm.
You kill the endoplasm!
You have reached level 2!
Your demonic ancestry asserts itself...
Slimy green scales grow over part of your body.
You open the door.
A frilled lizard comes into view.
A goblin and a rat come into view.
There is an open door here.
The goblin shouts!
The frilled lizard bites you but does no damage.
The rat closely misses you.
You closely miss the frilled lizard.
The frilled lizard bites you but does no damage.
The rat barely misses you.
You hit the frilled lizard.
You kill the frilled lizard!
The rat closely misses you.
You closely miss the rat. The rat bites you but does no damage.
You hit the rat.
You kill the rat!
The goblin closely misses you.
You miss the goblin. The goblin hits you but does no damage.
You hit the goblin. You drain the goblin.
You kill the goblin!
No target in view!
There is an open door here.
Things that are here:
a +0 dagger; a goblin corpse
There is a staircase leading out of the dungeon here.
Are you sure you want to leave the Dungeon?
This will make you lose the game!
You have escaped!

#. #. #.
######.################ #.
......................# #.
~~~~~~~P...P~≈~~≈~~≈P.###.
≈~~~~≈≈~...~≈~~~~~≈≈~.[.#.
~~~~~≈≈~...~≈≈~~~~≈≈~.....
~~~~~≈≈.....~~~~~~~~P..##.
.........@.............##.
~≈≈~~~~.....~~~~~~~~P..##.
≈~~~~≈~~...~~≈~~~~~≈~..##.
≈~~~~≈~~...~≈≈~~~~≈≈~.###.
≈~~≈~≈~P...P~~≈~~~≈~P.# #.
..................)...# ##
...............#####.#####
#############..####.......
#..).....###...


There were no monsters in sight!

Vanquished Creatures
  An endoplasm (D:1)
  A giant cockroach (D:1)
  2 goblins (D:1)
  A frilled lizard (D:1)
  2 kobolds (D:1)
  4 rats (D:1)
11 creatures vanquished.

Notes
Turn   | Place    | Note
-------+----------+-------------------------------------------
     0 | D:1      | Alarkh the Demonspawn Artificer began the quest for the
                  | Orb.
     0 | D:1      | Reached XP level 1. HP: 15/15 MP: 1/1
    55 | D:1      | Found a faded altar of an unknown god.
   189 | D:1      | Gained mutation: You are partially covered in slimy green
                  | scales. (AC +2) [demonic ancestry]
   189 | D:1      | Reached XP level 2. HP: 19/22 MP: 2/2
   266 | D:$      | Got out of the dungeon alive.

Illustrated notes

Levels and vault maps discovered:
D:1:      giann_bridges, layout_basic, hellmonk_ecumenical_altar_lost_god

Skill      XL: |  1 |
---------------+----+-----
Fighting       | 2 |  2.2
Armour         | |  1.7
Dodging        | |  0.8
Stealth        | |  0.8
Evocations     | |  3.0

Action                     || total
---------------------------++-------
  Melee: Club              ||     8
         Dagger            ||    11
  Evoke: Wand              ||     1
 Armour: Leather armour    ||     8
  Dodge: Dodged            ||    13
